 Dungeon Crawl Stone Soup version 0.21.1-1-g345015fe64 (webtiles) character file.

508654 Xenomina the Tortoise (level 23, -1/179 (184) HPs)
             Began as a Demigod Fighter on Apr 16, 2018.
             Slain by a jiangshi (12 damage)
             ... summoned by a curse skull
             ... on level 2 of the Vaults on Apr 18, 2018.
             The game lasted 10:53:38 (91867 turns).

Xenomina the Tortoise (Demigod Fighter)            Turns: 91867, Time: 10:53:38

HP:   -1/179 (184)  AC: 35    Str: 22      XL:     23   Next: 15%
MP:   37/37         EV: 20    Int: 14 (15) God:
Gold: 3663          SH: 23    Dex: 28      Spells: 20/22 levels left

rFire    + + .     SeeInvis .   a - +9 trident of Modesty {drain, *Drain rPois MR+}
rCold    + + .     Gourm    .   e - +1 large shield
rNeg     . . .     Faith    .   V - +0 gold dragon scales
rPois    +         Spirit   .   d - +2 helmet {Int+3}
rElec    .         Reflect  .   q - +2 cloak {rC+}
rCorr    +         Harm     .   T - +1 pair of gloves {Str+3}
MR       +++..     Rnd*Rage +   H - +2 pair of boots
Stlth    ..........             Z - amulet "Quompifu" {+Rage Str+4 Dex+3}
HPRegen  0.79/turn              t - ring of resist corrosion
MPRegen  0.25/turn              G - +5 ring of evasion

@: berserk cooldown, slowed, very slow
A: berserk 1, clumsy 2, deterioration 2, fire resistance 1, frail 1, high mp 1,
regeneration 1, screaming 1, weak 2, wild magic 1, MP-powered wands
}: 2/15 runes: decaying, gossamer
a: Evoke Berserk Rage


You were on level 2 of the Vaults.
You were not hungry.

You visited 11 branches of the dungeon, and saw 51 of its levels.
You also visited: Ice Cave and Desolation.

You collected 5602 gold pieces.
You spent 1939 gold pieces at shops.

Inventory:

Hand Weapons
 a - the +9 trident of Modesty (weapon) {drain, *Drain rPois MR+}
   (You found it in the Desolation of Salt)

   A truly terrible weapon, it drains the life of those it strikes.
   It protects you from poison.
   It affects your resistance to hostile enchantments.
   It causes draining when unequipped.
 s - the +2 scimitar "Obang" {flame, Int+3}
   (You found it on level 6 of the Lair of Beasts)

   It has been specially enchanted to burn those struck by it, causing extra
   injury to most foes and up to half again as much damage against particularly
   susceptible opponents.
   Big, fiery blades are also staple armaments of hydra-hunters.
   It affects your intelligence (+3).
Missiles
 j - 953 stones (quivered)
Armour
 d - a +2 helmet of intelligence (worn)
 e - a +1 large shield (worn)
 q - a +2 cloak of cold resistance (worn)
 D - the +14 plate armour of Discretion {rC+ Int+2}
   (You bought it in a shop on level 12 of the Dungeon)

   It affects your intelligence (+2).
   It protects you from cold.
 H - a +2 pair of boots (worn)
 T - a +1 pair of gloves of strength (worn)
 V - +0 gold dragon scales (worn)
 W - the +1 leather armour of Dramatic Exits {rElec Dex+3}
   (You found it on level 4 of the Lair of Beasts)

   It affects your dexterity (+3).
   It insulates you from electricity.
Jewellery
 h - an uncursed ring of positive energy
 i - an uncursed ring of protection from fire
 l - an uncursed amulet of rage
 o - an uncursed ring of poison resistance
 p - an uncursed ring of wizardry
 r - a +4 amulet of reflection
 t - a ring of resist corrosion (left hand)
 y - an uncursed ring of protection from magic
 G - a +5 ring of evasion (right hand)
 K - an uncursed ring of see invisible
 O - the amulet of Eneiz {RegenMP rPois rC+}
   (You found it in the Desolation of Salt)

   [amulet of magic regeneration]

   It increases your magic regeneration.
   It protects you from cold.
   It protects you from poison.
 Z - the amulet "Quompifu" (around neck) {+Rage Str+4 Dex+3}
   (You took it off a deep elf archer on level 3 of the Elven Halls)

   [amulet of rage]

   It affects your strength (+4).
   It affects your dexterity (+3).
   It lets you go berserk.
Wands
 u - a wand of acid (19)
 w - a wand of polymorph (19)
 I - a wand of digging (24)
 N - a wand of paralysis (63)
 P - a wand of iceblast (30)
 Q - a wand of enslavement (24)
 Y - a wand of disintegration (53)
Scrolls
 c - 7 scrolls of magic mapping
 g - 20 scrolls of remove curse
 v - 3 scrolls of fog
 z - a scroll of silence
 B - 19 scrolls of identify
 L - 5 scrolls of immolation
 U - 3 scrolls of amnesia
 X - 5 scrolls of enchant weapon
Potions
 n - 10 potions of curing
 F - a potion of brilliance
 R - 8 potions of magic
Miscellaneous
 k - a fan of gales (inert)
 M - a phial of floods (inert)
Comestibles
 f - 14 rations


   Skills:
 - Level 17.1 Fighting
   Level 2.8(9.3) Short Blades
 - Level 13.3(13.4) Long Blades
 - Level 16.2 Polearms
 + Level 17.5 Armour
 - Level 17.3 Dodging
 - Level 2.0 Stealth
 - Level 15.9 Shields
 + Level 12.6 Evocations


You had 20 spell levels left.
You knew the following spells:

 Your Spells              Type           Power        Failure   Level  Hunger
a - Swiftness             Chrm/Air       #.......     100%        2    ###....


Dungeon Overview and Level Annotations

Branches:
Dungeon (15/15)            Temple (1/1) D:7            Lair (6/6) D:10
  Swamp (4/4) Lair:3       Spider (4/4) Lair:3        Slime (5/5) Lair:5
    Orc (2/2) D:12            Elf (3/3) Orc:2        Vaults (5/5) D:13
  Crypt (1/3) Vaults:2     Depths (5/5) D:15            Zot (0/5) Depths:5

Shops:
D:6 %   D:11 }:   D:12 [   D:13 *   D:15 }   Orc:2 ([??   Elf:2 ?%:
Vaults:1 :   Vaults:2 *   Vaults:4 *[*   Depths:1 *(   Depths:4 [

Portals:
Hell: Depths:1 Depths:2 Depths:3 Depths:4 Depths:5
Abyss: Depths:3 Depths:4
Pandemonium: Depths:3
Ziggurat: Depths:4
Trove: D:10 (give +4 shadow dragon scales)

Annotations:
D:7 2 transporters
Lair:5 exclusion: 4 oklob plants
Spider:1 exclusion: Roxanne, Roxanne
Slime:5 Royal Jelly
Vaults:4 Mennas; supermoro's ghost, adept MiFi
Depths:4 kober's ghost, veteran KoBe


Innate Abilities, Weirdness & Mutations

You have an increased reservoir of magic. (+10% MP)
You tend to lose your temper in combat.
You are very clumsy. (Dex -4)
Your body often deteriorates upon taking damage.
Your flesh is heat resistant. (rF+)
You are frail. (-10% HP)
Your natural rate of healing is unusually fast.
You occasionally shout uncontrollably at your foes.
You are very weak. (Str -4)
Your spells are a little harder to cast, but a little more powerful.
You expend magic power (3 MP) to strengthen your wands.


Message History

The curse skull rattles its jaw.
The sphinx zombie disappears in a puff of smoke!
You hear a blaring wail to the northwest.
The curse skull calls on the powers of darkness!
Your body is wracked with pain!
* * * LOW HITPOINT WARNING * * *
The jiangshi misses you. You block the jiangshi's attack.
A red film seems to cover your vision as you go berserk!
You feel yourself moving faster!
You feel mighty!
You feel a lot more hungry.
You feel a strong urge to attack something.
The curse skull calls on the powers of darkness!
Your body is wracked with pain!
* * * LOW HITPOINT WARNING * * *
You feel your anger nearly subside. You block the jiangshi's attack. x2
You are no longer berserk.
You are exhausted.
You feel yourself slow down. The jiangshi claws you!
You die...

#################################
.................................
...........W.....................
..........Z.W....................
.....Z.Z..W.z.zV.................
#########....###@#######.....####
...# #....##.......##.....####
.#.# #....##.##.##.##.....##≈≈
.#.# #....##.##.##.##.....##≈≈
z#.# #....##.....).##.....##≈.
.#.# #....##.##(##.##.....'...
V#.# #....##.##.##.##.....##.§
.#.# #....##....>..##.....##≈§
M#.# #....###########.....##≈≈


You could see a jiangshi, a curse skull, a freezing wraith, a spectral vault
sentinel, a hungry ghost, a wraith and a wight.

Vanquished Creatures
  A juggernaut (Depths:5)
  Margery (Depths:1)
  Xtahua (Depths:5)
  Saint Roka (Depths:4)
  A caustic shrike (Depths:3)
  A golden dragon (Depths:5)
  Nikola (Swamp:1)
  2 bone dragons
  The ghost of Norrik the Warrior, an adept MiMo of Okawaru (Elf:3)
  Rupert (D:12)
  Jorgrun (Vaults:3)
  A titan (Depths:3)
  2 tentacled monstrosities
  2 deep elf blademasters
  3 liches
  2 deep elf master archers (Elf:3)
  A sphinx (Vaults:4)
  16 acid blobs
  Kirke (D:15)
  3 thorn hunters
  2 tengu reavers
  3 storm dragons (Depths:5)
  Donald (Swamp:1)
  7 azure jellies
  2 fire giants (Depths:3)
  8 deep elf sorcerers
  7 frost giants
  3 imperial myrmidons (Desolation)
  6 emperor scorpions
  4 ghost moths
  An iron dragon (Depths:5)
  Louise (Swamp:2)
  Aizul (Elf:1)
  A draconian shifter (Depths:5)
  A draconian stormcaller (Depths:5)
  9 vault wardens
  The ghost of supermoro the Fighter, a journeyman MiFi of Gozag (Orc:2)
  6 deep elf elementalists
  A spriggan defender (Depths:4)
  14 stone giants
  5 ironheart preservers
  7 very ugly things
  A green draconian (Depths:5)
  A vampire knight (Depths:4)
  4 entropy weavers
  9 deep elf demonologists
  A yellow draconian (Depths:5)
  3 purple draconians (Depths:5)
  The ghost of Goboxel the Thaumaturge, a journeyman GnSk of Sif Muna (Lair:3)
  A black draconian (Depths:5)
  9 deep elf annihilators (Elf:3)
  9 spark wasps
  2 dire elephants
  A red draconian (Depths:4)
  8 ettins
  2 crystal guardians
  8 deep elf death magi
  6 death oozes
  10 deep elf high priests
  7 ragged hierophants (Desolation)
  9 fire dragons
  5 rakshasas
  13 great orbs of eyes
  11 vault guards
  6 servants of whispers (Desolation)
  7 hydras
  5 peacekeepers (Desolation)
  2 spriggan air magi
  6 yaktaur captains
  2 catoblepae (Lair:6)
  Erica (Lair:1)
  12 ice dragons
  3 ghost crabs
  5 centaur warriors
  2 tengu warriors (D:15)
  36 two-headed ogres
  9 deep troll earth magi
  4 alligators
  3 death yaks (Lair:6)
  2 death knights
  A queen ant (Spider:1)
  5 deep troll shamans
  12 ogre magi
  23 dancing weapons
  3 orc high priests
  2 spriggan berserkers
  18 deep elf knights
  14 hell knights
  A shadow wraith (Vaults:3)
  5 skeletal warriors
  A spriggan druid (Swamp:4)
  5 unseen horrors
  2 flayed ghosts
  A salamander mystic (Depths:2)
  26 deep trolls
  6 wizards
  11 deep elf archers
  4 glowing orange brains
  5 swamp dragons
  A lindwurm (shapeshifter) (Depths:5)
  Pikel (D:6)
  4 phantasmal warriors
  A shambling mangrove (Swamp:3)
  4 spectral hydras
  8 orc knights
  4 lindwurms (Lair:6)
  3 harpies (Vaults:1)
  14 ironbrand convokers
  10 necromancers
  40 wolf spiders
  21 orb spiders
  A tengu skeleton (Vaults:2)
  A sphinx skeleton (Vaults:2)
  6 shining eyes
  2 orc sorcerers
  38 ugly things
  4 manticores
  2 moths of wrath
  59 deep elf magi
  8 cyclopes
  22 elephants
  8 large abominations (Depths:3)
  3 salamanders (Depths:2)
  A fire giant skeleton (Vaults:2)
  A moth of wrath (shapeshifter) (D:13)
  A frost giant skeleton (Vaults:2)
  2 black mambas (shapeshifter)
  7 human skeletons (Vaults:2)
  A stone giant skeleton (Vaults:2)
  5 guardian serpents (Desolation)
  3 eyes of devastation
  3 gargoyles (D:14)
  4 vault sentinels
  4 black mambas
  4 molten gargoyles
  13 spiny frogs
  An orc skeleton (Vaults:2)
  2 spiny frogs (shapeshifter)
  5 rime drakes
  2 swamp worm zombies (Swamp:4)
  9 torpor snails
  3 kobold demonologists (D:15)
  10 komodo dragons
  An efreet (D:15)
  18 yaktaurs
  2 ice devils (D:14)
  4 freezing wraiths
  3 hydra zombies (Swamp:4)
  15 demonic crawlers
  A jumping spider (shapeshifter) (Depths:1)
  3 tengu conjurers
  11 trolls
  Grinder (D:6)
  15 polar bears
  4 wind drakes
  37 jumping spiders
  19 hornets
  8 tyrant leeches
  18 blink frogs
  51 saltlings (Desolation)
  3 alligator zombies (Swamp:4)
  A blink frog (shapeshifter) (Vaults:4)
  A slime creature (shapeshifter) (Depths:5)
  108 slime creatures
  2 dream sheep (Lair:6)
  10 bog bodies
  A hippogriff (shapeshifter) (Depths:1)
  4 spectral swamp dragons
  A meliai zombie (D:13)
  4 small abominations (Depths:3)
  18 hippogriffs
  81 redbacks
  Sigmund (D:6)
  7 air elementals
  A shadow (D:12)
  5 spriggans
  25 tarantellas
  3 wyverns
  2 wraiths
  45 yaks
  A vampire (D:14)
  20 water elementals
  5 basilisks
  4 fire bats (Lair:5)
  4 fire elementals
  16 humans (D:12)
  A chaos spawn (Depths:3)
  Eustachio (D:6)
  5 hungry ghosts
  2 steam dragons
  29 vampire mosquitoes
  Grum (D:11)
  26 soldier ants
  29 swamp worms
  7 wargs
  12 insubstantial wisps
  4 acid dragons
  Duvessa (D:6)
  A swamp worm (shapeshifter) (Depths:2)
  2 floating eyes
  4 porcupines
  5 water moccasins
  A slave (D:6)
  5 swamp drakes
  32 orc warriors
  4 sky beasts
  An ice beast (shapeshifter) (D:15)
  8 ice beasts
  A black bear (D:10)
  10 phantoms
  A necrophage (D:10)
  5 eyes of draining
  40 ogres
  11 boggarts
  4 swamp dragon zombies (Swamp:4)
  4 centaurs
  19 wolves
  16 crocodiles
  5 big kobolds
  19 bullfrogs
  8 earth elementals
  A water moccasin zombie (D:11)
  A wyvern skeleton (D:9)
  Dowan (D:6)
  7 scorpions
  41 killer bees
  8 wights
  5 electric eels
  9 crimson imps
  A bullfrog zombie (D:12)
  2 quasits
  4 centaur zombies
  2 human simulacra
  5 jellies
  3 hounds
  21 orc priests
  A bullfrog skeleton (D:9)
  7 centaur skeletons
  A gnoll shaman (D:4)
  2 iguanas
  26 orc wizards
  25 worker ants
  2 hound skeletons
  A worker ant zombie (D:6)
  13 gnolls
  A howler monkey skeleton (D:4)
  13 adders
  2 river rats (D:3)
  A shadow imp (D:13)
  4 white imps
  An adder skeleton (D:4)
  2 adder zombies
  16 worms
  5 dart slugs
  9 leopard geckos
  105 orcs
  6 giant cockroaches
  3 goblins
  10 hobgoblins
  7 jackals
  32 kobolds
  5 quokkas
  4 ball pythons
  3 bats
  6 frilled lizards
  A jackal skeleton (D:4)
  A jackal zombie (D:7)
  5 rats
  3 fire vortices (Depths:4)
  3 fungi
  A plant (Lair:6)
2197 creatures vanquished.

Vanquished Creatures (collateral kills)
  A halazid warlock (Desolation)
  A crystal guardian (Desolation)
  3 slime creatures (Slime:5)
5 creatures vanquished.

Vanquished Creatures (others)
  A deep elf master archer (Elf:3)
  4 stone giants
  A vampire knight (Depths:4)
  Nessos (Lair:4)
  A deep elf annihilator (Elf:3)
  A red draconian (Depths:5)
  6 yaktaur captains
  A centaur warrior (D:15)
  4 deep elf archers
  A shambling mangrove (Swamp:1)
  A wizard (D:15)
  A deep elf mage (Vaults:4)
  A cyclops (D:13)
  A manticore (Lair:6)
  A spiny frog (Swamp:2)
  18 yaktaurs
  2 hornets (Swamp:1)
  A polar bear (IceCv)
  2 water elementals
  6 humans (D:15)
  A swamp worm (Swamp:1)
  An insubstantial wisp (Swamp:4)
  3 slaves (D:6)
  2 boggarts (Depths:4)
  A bullfrog (D:15)
  2 killer bees (D:6)
  2 orcs
  2 kobolds (D:15)
  3 briar patches (Swamp:3)
  16 fungi
  23 plants
111 creatures vanquished.

Grand Total: 2313 creatures vanquished

Notes
Turn   | Place    | Note
-------+----------+-------------------------------------------
     0 | D:1      | Xenomina the Demigod Fighter began the quest for the Orb.
     0 | D:1      | Reached XP level 1. HP: 18/18 MP: 3/3
    95 | D:1      | Reached XP level 2. HP: 19/25 MP: 4/4
   589 | D:1      | Reached skill level 1 in Dodging
   683 | D:1      | Reached XP level 3. HP: 25/30 MP: 5/5
   814 | D:2      | Noticed a centaur
  1161 | D:2      | Reached XP level 4. HP: 30/38 MP: 6/6
  1165 | D:2      | Killed a centaur
  1165 | D:2      | Reached skill level 1 in Short Blades
  1434 | D:2      | Reached XP level 5. HP: 41/45 MP: 7/7
  1719 | D:2      | Found a sparkling altar of Nemelex Xobeh.
  2302 | D:3      | Found a snail-covered altar of Cheibriados.
  2434 | D:3      | Found a glowing drain.
  3109 | D:4      | Reached XP level 6. HP: 39/51 MP: 8/8
  4179 | D:4      | Noticed a hippogriff
  4202 | D:4      | Killed a hippogriff
  4202 | D:4      | Reached XP level 7. HP: 10/57 MP: 9/9
  4664 | D:5      | Entered Level 5 of the Dungeon
  4707 | D:5      | Found an opulent altar of Gozag.
  4841 | D:5      | Reached skill level 1 in Stealth
  5301 | D:5      | Found a blossoming altar of Fedhas.
  5434 | D:5      | Found a deep blue altar of Sif Muna.
  5652 | D:5      | Identified Sif Muna's Papyrus of Sinister Magic
  5655 | D:6      | Found a shimmering altar of Xom.
  6109 | D:6      | Reached skill level 5 in Polearms
  6214 | D:6      | Noticed Pikel
  6266 | D:6      | Killed Pikel
  6266 | D:6      | Reached skill level 5 in Shields
  6266 | D:6      | Reached XP level 8. HP: 51/66 MP: 10/10
  6375 | D:6      | Noticed Grinder
  6402 | D:6      | Paralysed by Grinder for 3 turns
  6410 | D:6      | Killed Grinder
  6573 | D:7      | Noticed a hippogriff
  6610 | D:7      | Killed a hippogriff
  6631 | D:7      | Found a staircase to the Ecumenical Temple.
  6919 | D:7      | Reached XP level 9. HP: 65/72 MP: 11/11
  7179 | D:7      | Reached skill level 5 in Dodging
  7231 | D:6      | Noticed Dowan
  7244 | D:6      | Noticed Sigmund
  7501 | D:6      | Killed Sigmund
  8086 | D:5      | Found a deep blue altar of Sif Muna.
  8275 | D:5      | Found an opulent altar of Gozag.
  8325 | D:5      | Found a blossoming altar of Fedhas.
  8971 | D:6      | Noticed Duvessa
  8972 | D:6      | Gained mutation: Your flesh is heat resistant. (rF+) [potion of mutation]
  8972 | D:6      | Gained mutation: Your natural rate of healing is unusually fast. [potion of mutation]
  8972 | D:6      | Gained mutation: Your spells are a little harder to cast, but a little more powerful. [potion of mutation]
  8972 | D:6      | Gained mutation: You possess an exceptional clarity of mind. [potion of mutation]
  8994 | D:6      | Killed Dowan
  9066 | D:6      | Killed Duvessa
  9124 | D:6      | Noticed Eustachio
  9147 | D:6      | Killed Eustachio
  9255 | D:6      | Found Umifia's Food Shop.
  9745 | D:6      | Found a shimmering altar of Xom.
  9810 | D:6      | Found Umifia's Food Shop.
 10109 | D:7      | Found a transporter.
 10457 | D:7      | Reached skill level 5 in Fighting
 10666 | D:7      | Found a transporter.
 10786 | Temple   | Entered the Ecumenical Temple
 11126 | D:7      | Reached XP level 10. HP: 48/81 MP: 13/13
 12197 | D:8      | Found an ornate altar of the Wu Jian Council.
 12255 | D:8      | Found a glowing golden altar of the Shining One.
 12334 | D:9      | Found a basalt altar of Yredelemnul.
 12524 | D:9      | Found a shimmering altar of Xom.
 12525 | D:9      | Found a sacrificial altar of Ru.
 13383 | D:10     | Entered Level 10 of the Dungeon
 13523 | D:10     | Noticed an elephant
 13618 | D:9      | Reached skill level 10 in Polearms
 14180 | D:10     | Found a portal to a secret trove of treasure.
 14309 | D:10     | Found a staircase to the Lair.
 14605 | Lair:1   | Entered Level 1 of the Lair of Beasts
 14652 | D:10     | Killed an elephant
 14687 | Lair:1   | Reached XP level 11. HP: 61/89 MP: 14/14
 16011 | Lair:2   | Noticed Erica
 16118 | Lair:1   | Killed Erica
 16333 | Lair:2   | Reached skill level 5 in Armour
 18072 | Lair:3   | Found a hole to the Spider Nest.
 18118 | Lair:3   | Noticed Goboxel's ghost (journeyman GnSk)
 18173 | Lair:3   | Noticed a four-headed hydra
 18889 | D:11     | Reached XP level 12. HP: 96/96 MP: 15/15
 18964 | D:11     | Found Kegedux's Gadget Boutique.
 19086 | D:11     | Noticed Grum
 19108 | D:11     | Killed Grum
 19375 | D:11     | Found a shadowy altar of Dithmenos.
 19562 | D:11     | Found Jyalec's Book Shoppe.
 20087 | D:12     | Found a staircase to the Orcish Mines.
 20128 | D:12     | Found a roughly hewn altar of Beogh.
 20215 | D:12     | Reached skill level 10 in Shields
 20652 | D:12     | Found Uddemn's Antique Armour Emporium.
 21116 | D:13     | Found Gigh's Blasphemy Boutique.
 21116 | D:13     | Found a corrupted altar of Lugonu.
 21116 | D:13     | Noticed a four-headed hydra
 21210 | Orc:1    | Entered Level 1 of the Orcish Mines
 21681 | D:12     | Bought an ancient plate armour for 1092 gold pieces
 21691 | D:12     | Identified the +14 plate armour of Discretion {rC+ Int+2} (You bought it in a shop on level 12 of the Dungeon)
 21703 | D:13     | Found a gate to the Vaults.
 21703 | D:13     | Noticed Rupert
 21703 | D:13     | Noticed a centaur warrior
 21867 | Lair:3   | Killed a four-headed hydra
 22866 | Lair:3   | Noticed a six-headed hydra
 22926 | Lair:3   | Killed a six-headed hydra
 23072 | Lair:3   | Noticed a seven-headed hydra
 23117 | Lair:3   | Killed a seven-headed hydra
 23421 | Lair:3   | Found a staircase to the Swamp.
 23487 | Lair:4   | Noticed Nessos
 23493 | Lair:4   | Killed Nessos
 23635 | Lair:4   | Got a distressingly furry leather armour
 23646 | Lair:4   | Identified the cursed +1 leather armour of Dramatic Exits {rElec Dex+3} (You found it on level 4 of the Lair of Beasts)
 23903 | Lair:4   | Reached XP level 13. HP: 105/105 MP: 16/16
 25605 | Lair:5   | Found a staircase to the Slime Pits.
 26032 | Lair:5   | Noticed a dire elephant
 26554 | Lair:6   | Entered Level 6 of the Lair of Beasts
 27029 | Lair:6   | Found a runed door.
 28526 | Lair:6   | Reached XP level 14. HP: 118/118 MP: 17/17
 29222 | Lair:6   | Got a warped scimitar
 29223 | Lair:6   | Identified the +2 scimitar "Obang" {flame, Int+3} (You found it on level 6 of the Lair of Beasts)
 29602 | Lair:6   | Reached skill level 10 in Fighting
 30559 | Orc:2    | Entered Level 2 of the Orcish Mines
 30702 | Orc:2    | Noticed supermoro's ghost (journeyman MiFi)
 31432 | Orc:2    | Found a staircase to the Elven Halls.
 32375 | Orc:1    | Reached skill level 10 in Armour
 33868 | Orc:2    | Found Xestuc's Magic Scroll Boutique.
 33870 | Orc:2    | Found Calyucli's Antique Weapon Emporium.
 33894 | Orc:2    | Found Ruilidui's Magic Scroll Shop.
 33895 | Orc:2    | Found Duarunt's Antique Armour Boutique.
 34084 | Orc:2    | Bought a scroll of enchant weapon for 105 gold pieces
 34084 | Orc:2    | Bought a scroll of enchant weapon for 105 gold pieces
 34084 | Orc:2    | Bought a scroll of teleportation for 42 gold pieces
 34084 | Orc:2    | Bought a scroll of teleportation for 42 gold pieces
 34097 | Orc:2    | Bought a scroll of enchant armour for 90 gold pieces
 34170 | Orc:2    | Bought a glowing helmet for 232 gold pieces
 34433 | Orc:2    | Killed supermoro's ghost
 35649 | D:14     | Got a brightly glowing falchion
 35666 | D:14     | Identified the +7 falchion of Wyrd {drain, rPois Str+7} (You found it on level 14 of the Dungeon)
 36218 | D:14     | Reached XP level 15. HP: 129/129 MP: 18/18
 36219 | D:14     | Found a frozen archway.
 36261 | IceCv    | Entered an ice cave
 36695 | IceCv    | Reached skill level 15 in Polearms
 36799 | IceCv    | Found the +5 scythe "Finisher" {speed, Str+3}
 36885 | IceCv    | Learned a level 2 spell: Swiftness
 37552 | D:15     | Entered Level 15 of the Dungeon
 37896 | D:15     | Noticed Kirke
 37930 | D:15     | Killed Kirke
 38229 | D:15     | Identified a scroll of acquirement
 38717 | D:15     | Found a staircase to the Depths.
 38751 | D:15     | Found a bloodstained altar of Trog.
 38787 | D:15     | Found Qiwnyuho's Gadget Shoppe.
 39237 | Swamp:1  | Entered Level 1 of the Swamp
 39336 | Swamp:1  | Noticed Nikola
 39357 | Swamp:2  | Noticed Donald
 39379 | Swamp:1  | Reached skill level 1 in Long Blades
 39516 | Swamp:1  | Killed Nikola
 40687 | Swamp:1  | Reached skill level 5 in Long Blades
 40772 | Swamp:2  | Noticed Louise
 40855 | Swamp:1  | Killed Donald
 41711 | Swamp:3  | Noticed a thorn hunter
 41785 | Swamp:3  | Killed a thorn hunter
 42031 | Swamp:3  | Reached XP level 16. HP: 139/139 MP: 19/19
 42398 | Swamp:4  | Entered Level 4 of the Swamp
 44239 | Swamp:4  | Noticed a bone dragon
 44508 | Swamp:4  | Killed a bone dragon
 44722 | Swamp:4  | Reached skill level 10 in Long Blades
 44965 | Swamp:4  | Got a decaying rune of Zot
 45268 | Swamp:2  | Killed Louise
 45446 | Spider:1 | Entered Level 1 of the Spider Nest
 45881 | Spider:1 | Noticed Roxanne
 48702 | Spider:3 | Reached XP level 17. HP: 121/142 MP: 20/20
 49745 | Spider:4 | Entered Level 4 of the Spider Nest
 50465 | Spider:3 | Reached skill level 10 in Dodging
 53520 | Spider:4 | Got a gossamer rune of Zot
 53935 | Vaults:1 | Entered Level 1 of the Vaults
 54198 | Vaults:1 | Found Wiskouro's Book Boutique.
 54235 | Vaults:1 | Found a ruined gateway.
 54291 | Desolati | Entered the Desolation of Salt
 55061 | Desolati | Got an encrusted trident
 55062 | Desolati | Identified the +9 trident of Modesty {drain, *Drain rPois MR+} (You found it in the Desolation of Salt)
 55069 | Desolati | Identified the Almanac of Warped Creation
 55075 | Desolati | Got a clouded jade amulet
 55080 | Desolati | Identified the amulet of the Original Sin {*Corrode +Rage rC+ Int+5} (You found it in the Desolation of Salt)
 55726 | Desolati | Reached XP level 18. HP: 125/156 MP: 21/21
 55822 | Desolati | Got a scorched ring mail
 55853 | Desolati | Identified the +1 ring mail of Resonance {*Drain rElec rPois rC++} (You found it in the Desolation of Salt)
 55858 | Desolati | Got a steaming executioner's axe
 56526 | Desolati | Got a crude hand axe
 56527 | Desolati | Identified the +0 hand axe of the Establishment {pain, +Rage rF+} (You found it in the Desolation of Salt)
 56542 | Desolati | Got a scorched emerald amulet
 57295 | Vaults:1 | Lost mutation: You possess an exceptional clarity of mind. [a Zot trap]
 57544 | Vaults:1 | Identified the amulet of Eneiz {RegenMP rPois rC+} (You found it in the Desolation of Salt)
 59468 | Vaults:2 | Found a staircase to the Crypt.
 59761 | Vaults:2 | Found Erosy's General Store.
 61542 | Vaults:3 | Reached skill level 15 in Armour
 62044 | Vaults:3 | Reached XP level 19. HP: 168/168 MP: 22/22
 62116 | Vaults:4 | Noticed supermoro's ghost (adept MiFi)
 62261 | Vaults:4 | Noticed Mennas
 62819 | Vaults:4 | Noticed Jorgrun
 63757 | D:12     | Killed Rupert
 63799 | Elf:1    | Entered Level 1 of the Elven Halls
 64430 | Elf:1    | Noticed Aizul
 64469 | Elf:1    | Killed Aizul
 65571 | Elf:2    | Gained mutation: You are clumsy. (Dex -2) [a neqoxec]
 65694 | Elf:2    | Found Mocasirr's Book Emporium.
 65984 | Elf:2    | Found Jauc's Food Shop.
 66075 | Elf:2    | Found a huge runed gate.
 66075 | Elf:2    | Found a huge runed gate.
 66075 | Elf:2    | Found a huge runed gate.
 66075 | Elf:2    | Found a huge runed gate.
 66076 | Elf:2    | Found a huge runed gate.
 66117 | Elf:2    | Found Coets's Magic Scroll Shop.
 67068 | Elf:2    | Reached skill level 15 in Dodging
 67203 | Elf:3    | Entered Level 3 of the Elven Halls
 67450 | Elf:3    | Noticed a Tzitzimitl
 67556 | Elf:3    | Reached XP level 20. HP: 132/176 MP: 24/24
 68128 | Elf:3    | HP: 6/175 [???[a deep elf demonologist] (4)]
 69292 | Elf:3    | Noticed Norrik's ghost (adept MiMo)
 70034 | Elf:3    | Killed Norrik's ghost
 70434 | Elf:3    | Got a crude buckler
 70448 | Elf:3    | Identified the +2 buckler "Dead" {rF+} (You took it off an orc on level 3 of the Elven Halls)
 70474 | Elf:3    | Got a fine pewter amulet
 71109 | Elf:3    | Got a twisted demon blade
 71110 | Elf:3    | Identified the +3 demon blade "Feroquonk" {venom, Dex+5} (You acquired it on level 3 of the Elven Halls)
 71111 | Elf:3    | Identified the amulet "Quompifu" {+Rage Str+4 Dex+3} (You took it off a deep elf archer on level 3 of the Elven Halls)
 71350 | Elf:3    | Got an ancient halberd {vamp}
 71351 | Elf:3    | Identified the +11 halberd "Widowermaker" {vamp, rElec} (You took it off a deep elf high priest on level 3 of the Elven Halls)
 71539 | Elf:3    | Reached skill level 15 in Fighting
 71619 | Elf:3    | Identified the Disquisition on Shape Shifting and Poison
 71822 | Elf:3    | Identified the Disquisition on Curses
 72753 | Vaults:3 | Killed Jorgrun
 73469 | Depths:1 | Entered Level 1 of the Depths
 73668 | Depths:1 | Found Leifeop's Weapon Boutique.
 74064 | Depths:1 | Found Piwnotti's Changing Room.
 74067 | Depths:1 | Noticed Mara
 74076 | Depths:1 | Noticed Xenomina's illusion
 74129 | D:15     | Noticed Xenomina's illusion
 74481 | Crypt:1  | Entered Level 1 of the Crypt
 75101 | Depths:1 | Noticed Margery
 75296 | Depths:1 | Killed Margery
 75355 | Depths:1 | Found a gateway to Hell.
 75413 | Depths:1 | Reached skill level 15 in Shields
 75488 | Depths:2 | Reached XP level 21. HP: 184/184 MP: 25/25
 76490 | Depths:2 | Paralysed by a floating eye for 3 turns
 76498 | Depths:2 | Paralysed by a floating eye for 2 turns
 76502 | Depths:2 | Paralysed by a floating eye for 4 turns
 76575 | Depths:2 | Paralysed by a floating eye for 3 turns
 77346 | Depths:2 | Got an encrusted great sword {slice}
 77347 | Depths:2 | Identified the cursed +0 great sword "Egituuthy" {slice, rPois rC+ MR-} (You took it off a yaktaur on level 2 of the Depths)
 77951 | Depths:3 | Found a one-way gate leading to the halls of Pandemonium.
 77975 | Depths:3 | Identified the +2 scimitar "Isoarr" {protect, +Fly rElec MP+9} (You took it off a rakshasa on level 3 of the Depths)
 78918 | Depths:3 | Noticed a caustic shrike
 78965 | Depths:3 | Killed a caustic shrike
 79341 | Depths:3 | Found a one-way gate to the infinite horrors of the Abyss.
 79512 | Depths:4 | Found Tomaitadd's Armour Shoppe.
 79687 | Depths:4 | Noticed kober's ghost (veteran KoBe)
 80241 | Depths:4 | Found a gateway to a ziggurat.
 80303 | Depths:4 | Found Wossegusu's Gadget Shop.
 82031 | Depths:4 | Identified the Incunabulum of Ice
 82034 | Depths:4 | Identified the Reference Book on Stones
 82111 | Depths:3 | Reached skill level 1 in Evocations
 82324 | Depths:5 | Entered Level 5 of the Depths
 82365 | Depths:5 | Noticed Saint Roka
 82546 | Depths:4 | Killed Saint Roka
 82816 | Depths:5 | Reached XP level 22. HP: 186/198 MP: 29/29
 82850 | Depths:5 | Noticed Xtahua
 82876 | Depths:5 | Killed Xtahua
 82876 | Depths:5 | Reached skill level 5 in Evocations
 83516 | Depths:5 | Noticed a juggernaut
 83570 | Depths:5 | Killed a juggernaut
 83844 | Depths:5 | Found a sacrificial altar of Ru.
 84275 | Depths:5 | Found a gate to the Realm of Zot.
 85379 | Vaults:4 | Found Qohid's Assorted Antiques.
 85779 | Vaults:4 | Found Naqum's Assorted Antiques.
 85926 | Vaults:4 | Found Cawext's Armour Shop.
 85968 | Vaults:4 | Reached skill level 10 in Evocations
 86007 | Vaults:4 | Bought a +1 pair of gloves of strength for 231 gold pieces
 86062 | Vaults:5 | Entered Level 5 of the Vaults
 86803 | Lair:3   | Killed Goboxel's ghost
 86840 | Lair:3   | Found a hole to the Spider Nest.
 87238 | Lair:3   | Found a staircase to the Swamp.
 87446 | Slime:1  | Entered Level 1 of the Pits of Slime
 87488 | Slime:1  | Gained mutation: You occasionally shout uncontrollably at your foes. [a shining eye]
 88753 | Slime:3  | Gained mutation: You are weak. (Str -2) [a shining eye]
 89332 | Slime:4  | Gained mutation: You expend magic power (3 MP) to strengthen your wands. [a shining eye]
 89335 | Slime:4  | Gained mutation: You are very clumsy. (Dex -4) [a shining eye]
 89360 | Slime:4  | Gained mutation: Your body sometimes deteriorates upon taking damage. [a shining eye]
 89362 | Slime:4  | Gained mutation: Your body often deteriorates upon taking damage. [a shining eye]
 89364 | Slime:4  | Gained mutation: You are very weak. (Str -4) [a shining eye]
 89366 | Slime:4  | Gained mutation: You are frail. (-10% HP) [a shining eye]
 89581 | Slime:4  | Reached XP level 23. HP: 99/184 MP: 37/37
 90166 | Slime:5  | Entered Level 5 of the Pits of Slime
 90585 | Slime:5  | Noticed the Royal Jelly
 90586 | Slime:5  | Gained mutation: You tend to lose your temper in combat. [a shining eye]
 90789 | Slime:4  | Paralysed by a floating eye for 4 turns
 90828 | Slime:4  | Paralysed by a floating eye for 4 turns
 91835 | Vaults:2 | HP: 4/179 [jiangshi[a curse skull] (8)]
 91864 | Vaults:2 | HP: 13/268 [??? (11)]
 91867 | Vaults:2 | Slain by a jiangshi

Skill      XL: |  1  2  3  4  5  6  7  8  9 10 11 12 13 14 15 16 17 18 19 20 21 22 |
---------------+-------------------------------------------------------------------+-----
Polearms       | 2 3 6 7 8 10 11 12 13 14 15 16 | 16.2
Shields        | 3 4 5 6 8 9 11 13 15 | 15.9
Dodging        | 1 2 3 4 6 7 8 9 11 13 15 17 | 17.3
Fighting       | 3 4 5 6 7 9 11 12 14 15 17 | 17.1
Short Blades   | 1 2 |  2.8
Stealth        | 1 2 |  2.0
Armour         | 3 4 5 6 8 10 12 13 15 17 | 17.5
Long Blades    | 7 13 | 13.3
Evocations     | 4 12 | 12.6

Action                   |  1- 3 |  4- 6 |  7- 9 | 10-12 | 13-15 | 16-18 | 19-21 | 22-24 || total
-------------------------+-------+-------+-------+-------+-------+-------+-------+-------++-------
Melee: Trident           |    99 |       |       |       |       |  1386 |  4068 |  1773 ||  7326
       Short sword       |    30 |   144 |       |    88 |    10 |       |       |       ||   272
       Spear             |       |   126 |   837 |  3017 |  4536 |  1946 |       |       || 10462
       Falchion          |       |       |       |       |   662 |  1461 |       |       ||  2123
       Scimitar          |       |       |       |       |    23 |     6 |       |       ||    29
Throw: Stone             |       |       |       |     1 |     5 |    59 |    60 |     8 ||   133
 Abil: Evoke Berserk Rag |       |       |       |       |       |       |       |     2 ||     2
Evoke: Wand              |       |       |       |     2 |    28 |     6 |     6 |     5 ||    47
       Sack of spiders   |       |       |       |       |       |       |     5 |     7 ||    12
       Fan of gales      |       |       |       |       |       |       |     1 |     1 ||     2
       Phial of floods   |       |       |       |       |       |       |     1 |     1 ||     2
       Phantom mirror    |       |       |       |       |       |       |       |     1 ||     1
  Use: Potion            |       |     1 |    11 |    15 |     3 |    16 |    14 |     2 ||    62
       Scroll            |       |       |    26 |    19 |    19 |    11 |    27 |    16 ||   118
 Stab: Fleeing           |       |       |     1 |       |       |       |       |       ||     1
       Distracted        |       |       |     1 |       |     4 |     1 |     4 |     1 ||    11
       Sleeping          |       |       |       |       |       |     9 |     9 |       ||    18
  Eat: Chunk             |     1 |     6 |     7 |    16 |    22 |    17 |    28 |     7 ||   104
       Ration            |       |     1 |     7 |     8 |    14 |    17 |    13 |     7 ||    67
Armor: Scale mail        |    44 |    19 |       |       |       |       |       |       ||    63
       Storm dragon scal |       |    92 |   251 |       |       |       |       |       ||   343
       Plate armour      |       |       |    45 |   506 |  1197 |  1687 |       |       ||  3435
       Skin              |       |       |       |    23 |       |    39 |    29 |       ||    91
       Leather armour    |       |       |       |       |     1 |     1 |       |       ||     2
       Ring mail         |       |       |       |       |       |    96 |   355 |    28 ||   479
       Gold dragon scale |       |       |       |       |       |       |       |   458 ||   458
Dodge: Dodged            |    42 |    76 |   222 |   507 |  1299 |  1878 |  1384 |   599 ||  6007
Block: Shield            |    63 |   145 |   261 |       |       |       |       |       ||   469
       Large shield      |       |       |   161 |  1775 |  3764 |  4977 |  2821 |  1683 || 15181
       Reflection        |       |       |       |    14 |    58 |    76 |   206 |    53 ||   407
       Buckler           |       |       |       |       |       |       |     6 |       ||     6
       Rpst.: Falchion   |       |       |       |       |    85 |   142 |       |       ||   227
       Scimitar          |       |       |       |       |     4 |       |       |       ||     4
